 Dungeon Crawl Stone Soup version 0.22-a0-469-gf26638a (webtiles) character file.

4433 KristoblXynda the Grappler (level 10, -10/87 HPs)
             Began as a Troll Wizard on June 13, 2018.
             Was an Initiate of Ashenzari.
             Mangled by a two-headed ogre
             ... wielding a +0 giant club
              (27 damage)
             ... on level 9 of the Dungeon.
             The game lasted 00:18:03 (7155 turns).

KristoblXynda the Grappler (Troll Wizard)           Turns: 7155, Time: 00:18:04

Health: -10/87     AC:  7    Str: 17    XL:     10   Next: 14%
Magic:  10/12      EV:  9    Int: 17    God:    Ashenzari [......]
Gold:   479        SH:  0    Dex:  8    Spells: 9/13 levels left

rFire    . . .     SeeInvis .     - Unarmed
rCold    . . .     Gourm    +   (no shield)
rNeg     . . .     Faith    .   a - +0 robe
rPois    .         Spirit   .   b - +0 hat
rElec    .         Reflect  .   v - +1 cloak
rCorr    .         Harm     .   (gloves unavailable)
MR       .....                  (boots unavailable)
Stlth    +.........             (no amulet)
HPRegen  0.64/turn              D - +6 ring of slaying (curse)
MPRegen  0.13/turn              k - +3 ring of slaying

@: no status effects
A: large, unfitting armour, claws 3, fast metabolism 3, gourmand, regeneration
1, shaggy fur 1, tough skin 2
a: Curse Item, Renounce Religion


You were on level 9 of the Dungeon.
You worshipped Ashenzari.
Ashenzari was noncommittal.
You were completely stuffed.

You visited 2 branches of the dungeon, and saw 10 of its levels.

You collected 479 gold pieces.

Inventory:

Hand Weapons
 h - a +2 morningstar of holy wrath
Armour
 a - a +0 robe (worn)
 b - a +0 hat (worn)
 v - a +1 cloak (worn)
Jewellery
 k - a +3 ring of slaying (right claw)
 t - an uncursed ring of protection from cold
 D - a cursed +6 ring of slaying (left claw)
Wands
 s - a wand of enslavement (18)
 y - a wand of flame (53)
Scrolls
 e - 4 scrolls of teleportation
 f - 2 scrolls of identify
 i - 2 scrolls of remove curse
 l - a scroll of noise {unknown}
 o - a scroll of enchant armour {unknown}
 p - 3 scrolls of amnesia {unknown}
 q - 2 scrolls of blinking {unknown}
 u - 2 scrolls of holy word {unknown}
 x - a scroll of random uselessness {unknown}
 A - a scroll of enchant weapon {unknown}
 B - a scroll of fog {unknown}
Potions
 c - a potion of agility
 g - 3 potions of haste
 j - a potion of magic
 m - 4 potions of curing
 n - a potion of brilliance
 r - a potion of berserk rage
 w - a potion of might
Comestibles
 d - 18 rations
 C - a chunk of flesh


   Skills:
 + Level 1.9 Fighting
 - Level 1.5 Dodging
 - Level 1.0 Stealth
 + Level 10.1 Unarmed Combat
 - Level 2.0 Spellcasting
 * Level 8.1 Conjurations
   Level 0.6 Summonings
   Level 0.6 Translocations


You had 9 spell levels left.
You knew the following spells:

 Your Spells              Type           Power        Failure   Level  Hunger
a - Magic Dart            Conj           ####         1%          1    #......
b - Mephitic Cloud        Conj/Pois/Air  ##......     19%         3    ###....

Your spell library contained the following spells:

 Spells                   Type           Power        Failure   Level  Hunger
 Apportation              Tloc           #.....       16%         1    #......
 Conjure Flame            Conj/Fire      ###.....     11%         3    ###....
 Slow                     Hex            #.......     28%         2    ###....
 Summon Small Mammal      Summ           #...         16%         1    #......
 Blink                    Tloc           N/A          22%         2    ###....
 Animate Skeleton         Necr           N/A          19%         1    #......
 Call Imp                 Summ           #.......     22%         2    ###....
 Stone Arrow              Conj/Erth      ###...       11%         3    ###....
 Spider Form              Tmut/Pois      #.........   50%         3    ###....
 Blade Hands              Tmut           #.........   99%         5    ######.
 Ice Form                 Ice/Tmut       #.......     88%         4    #####..
 Confusing Touch          Hex            #.....       19%         1    #......
 Passwall                 Tmut/Erth      #.......     28%         2    ###....
 Sticks to Snakes         Tmut           #.......     28%         2    ###....
 Lee's Rapid Deconstruct  Erth           #.........   99%         5    ######.
 Sandblast                Erth           #.....       19%         1    #......
 Petrify                  Tmut/Erth      #.......     88%         4    #####..
 Beastly Appendage        Tmut           #.....       19%         1    #......


Dungeon Overview and Level Annotations

Branches:
Dungeon (9/15)             Temple (1/1) D:6            Lair (0/6) D:8
    Orc: D:9-12

Altars:
Ashenzari
Cheibriados
Dithmenos
Elyvilon
Fedhas
Gozag
Hepliaklqana
Kikubaaqudgha
Makhleb
Nemelex Xobeh
Okawaru
Qazlal
Ru
Sif Muna
Trog
Uskayaw
Vehumet
Wu Jian
Xom
Yredelemnul
Zin
The Shining One

Shops:
D:6 [   D:7 (:


Innate Abilities, Weirdness & Mutations

You are too large for most types of armour.
You have claws for hands.
Your metabolism is lightning-fast.
You like to eat raw meat.
Your natural rate of healing is unusually fast.
You are covered in fur. (AC +1)
You have very tough skin. (AC +2)


Message History

The two-headed ogre appears confused.
A centaur comes into view.
The centaur wields a shortbow.
The centaur shoots an arrow.
The arrow hits you!
The two-headed ogre laughs at nothing.
You claw the two-headed ogre!
The two-headed ogre is moderately wounded.
The centaur shoots an arrow.
The arrow misses you.
You scratch the two-headed ogre.
The two-headed ogre is moderately wounded.
The centaur shoots an arrow.
The arrow hits you!
The two-headed ogre seems less confused.
The two-headed ogre hits you with a giant club!
The two-headed ogre hits you with a giant club!!
The centaur shoots an arrow.
The arrow hits you!
You claw the two-headed ogre!
The two-headed ogre is heavily wounded.
The centaur shoots an arrow.
The arrow hits you!
* * * LOW HITPOINT WARNING * * *
The two-headed ogre hits you with a giant club!!
You die...

##+### +. # #....# #.
#.# #....# #.######.#
#....#
####........#######....#
.......?................
........................
........................
.......@................
.....cO....(.....#######
..........(.######
####........# #........#
##########


You could see a two-headed ogre and a centaur.

Vanquished Creatures
  A death yak (D:8)
  A two-headed ogre (D:8)
  2 wyverns (D:8)
  Edmund (D:4)
  Duvessa (D:4)
  A phantom (D:3)
  An ice beast (D:6)
  3 orc warriors
  An ogre (D:8)
  2 necrophages (D:8)
  A sky beast (D:8)
  2 centaurs
  A big kobold (D:8)
  2 bullfrogs
  A water moccasin zombie (D:7)
  A scorpion (D:6)
  A water moccasin skeleton (D:8)
  Dowan (D:4)
  A howler monkey (D:8)
  3 wights (D:4)
  2 quasits
  2 crimson imps
  4 hounds
  A bullfrog zombie (D:5)
  8 orc priests
  Crazy Yiuf (D:5)
  Jessica (D:2)
  An iguana (D:4)
  10 orc wizards
  A worker ant (D:5)
  A hound zombie (D:8)
  3 gnolls (D:8)
  7 adders
  A river rat (D:8)
  2 oozes
  2 adder skeletons
  5 worms
  2 dart slugs (D:1)
  2 leopard geckos
  45 orcs
  10 bats
  7 giant cockroaches
  3 goblins
  15 hobgoblins
  6 jackals
  6 quokkas
  A ball python (D:3)
  3 frilled lizards
  6 kobolds
  A quokka zombie (D:6)
  7 rats
194 creatures vanquished.

Vanquished Creatures (others)
  A jackal (D:1)
1 creature vanquished.

Grand Total: 195 creatures vanquished

Notes
Turn   | Place    | Note
-------+----------+-------------------------------------------
     0 | D:1      | KristoblXynda the Troll Wizard began the quest for the Orb.
     0 | D:1      | Reached XP level 1. HP: 16/16 MP: 2/2
    36 | D:1      | Reached skill level 1 in Conjurations
    54 | D:1      | Reached skill level 1 in Unarmed Combat
    71 | D:1      | Reached XP level 2. HP: 24/24 MP: 4/4
   351 | D:1      | Reached XP level 3. HP: 30/31 MP: 5/5
   649 | D:1      | Reached skill level 2 in Unarmed Combat
   919 | D:2      | Reached XP level 4. HP: 25/39 MP: 6/6
  1171 | D:2      | Noticed Jessica
  1179 | D:2      | Killed Jessica
  1193 | D:2      | Learned a level 3 spell: Mephitic Cloud
  1398 | D:2      | Reached skill level 3 in Unarmed Combat
  1398 | D:2      | Reached XP level 5. HP: 45/45 MP: 7/7
  2409 | D:3      | Noticed a phantom
  2417 | D:3      | Noticed an orc warrior
  2496 | D:3      | Killed an orc warrior
  2496 | D:3      | Reached skill level 4 in Unarmed Combat
  2496 | D:3      | Reached XP level 6. HP: 26/53 MP: 2/8
  2801 | D:4      | Reached skill level 5 in Unarmed Combat
  2801 | D:4      | Reached XP level 7. HP: 55/59 MP: 9/9
  2802 | D:4      | Noticed Edmund
  2858 | D:4      | Killed Edmund
  2960 | D:4      | Noticed Dowan
  2974 | D:4      | Killed Dowan
  3028 | D:4      | Noticed Duvessa
  3144 | D:4      | Found a stormy altar of Qazlal.
  3145 | D:4      | Noticed a fire elemental
  3145 | D:4      | Noticed an air elemental
  3145 | D:4      | Noticed a water elemental
  3180 | D:4      | Killed Duvessa
  3273 | D:4      | Reached skill level 6 in Unarmed Combat
  3477 | D:5      | Entered Level 5 of the Dungeon
  3484 | D:5      | Reached XP level 8. HP: 66/67 MP: 10/10
  3655 | D:5      | Reached skill level 5 in Conjurations
  4101 | D:5      | Found a runed door.
  4105 | D:5      | Noticed Crazy Yiuf
  4115 | D:5      | Killed Crazy Yiuf
  4200 | D:6      | Found Muckael's Antique Armour Boutique.
  4259 | D:6      | Reached skill level 7 in Unarmed Combat
  4643 | D:6      | Found an opulent altar of Gozag.
  4970 | D:6      | Found a staircase to the Ecumenical Temple.
  4987 | Temple   | Entered the Ecumenical Temple
  5093 | Temple   | Became a worshipper of Ashenzari the Shackled
  5345 | D:7      | Found Pumu's Antique Weapon Shoppe.
  5367 | D:7      | Found Innus's Weapon Emporium.
  5443 | D:7      | Reached skill level 8 in Unarmed Combat
  5877 | D:7      | Found Awkimp's Book Shop.
  6214 | D:8      | Reached XP level 9. HP: 73/74 MP: 11/11
  6473 | D:8      | Reached skill level 9 in Unarmed Combat
  6498 | D:8      | Noticed a death yak
  6519 | D:8      | Killed a death yak
  6671 | D:8      | Noticed a death yak
  6679 | D:8      | Noticed a death yak
  6819 | D:8      | Found a staircase to the Lair.
  6888 | D:8      | Reached skill level 1 in Fighting
  6986 | D:8      | Noticed a two-headed ogre
  6994 | D:8      | Killed a two-headed ogre
  6994 | D:8      | Reached skill level 10 in Unarmed Combat
  6994 | D:8      | Reached XP level 10. HP: 82/87 MP: 5/12
  7146 | D:9      | Noticed a two-headed ogre
  7155 | D:9      | Mangled by a two-headed ogre

Vault maps used:
D:1:      scummos_arrival_simple_crosswalls, serial_forest,
          infiniplex_forest_straight_5, infiniplex_forest_straight_4,
          infiniplex_forest_clump_tiny, infiniplex_forest_lined_corner,
          infiniplex_forest_end_double, infiniplex_forest_end_2,
          infiniplex_forest_clump_long, infiniplex_forest_lined_2,
          infiniplex_forest_lined_2, lemuel_old_faithful
D:2:      uniq_jessica
D:3:      first_ration, grunt_ministairs_4, serial_bayou_pond_d,
          minmay_misc_feat_more_columns, minmay_cupped
D:4:      nicolae_qazlal_style_of_elements, uniq_edmund, uniq_duvessa
D:5:      uniq_crazy_yiuf_cottage
D:6:      minmay_temple_entry_junction, serial_shops, shop,
          nicolae_gozag_cash_rules_everything_around_me
D:7:      serial_shops, nicolae_shop_statue_plus, shop, nicolae_shop_trees
D:8:      dpeg_lair_monsters, blue_anna_alchemist, minivault_23
D:9:      minmay_misc_feat_iff, vehumet_altar_wand_db
Temple:   kilobyte_greek_temple

Skill      XL: |  1  2  3  4  5  6  7  8  9 |
---------------+----------------------------+-----
Conjurations   | 1 2 3 4 6 8 |  8.1
Unarmed Combat | 1 2 3 4 5 6 8 10 | 10.1
Fighting       | 1 |  1.9
Dodging        | |  1.5
Stealth        | |  1.0
Spellcasting   | |  2.0
Summonings     | |  0.6
Translocations | |  0.6

Action                   |  1- 3 |  4- 6 |  7- 9 | 10-12 || total
-------------------------+-------+-------+-------+-------++-------
Melee: Unarmed           |   137 |   186 |   342 |    12 ||   677
       Punch             |     1 |       |     7 |       ||     8
 Cast: Mephitic Cloud    |       |     1 |    10 |     1 ||    12
Invok: Curse Item        |       |       |     1 |       ||     1
Evoke: Wand              |       |       |     3 |       ||     3
  Use: Potion            |       |     2 |     1 |       ||     3
       Scroll            |       |       |     8 |       ||     8
 Stab: Sleeping          |     3 |     2 |       |       ||     5
       Confused          |       |     1 |     4 |       ||     5
  Eat: Chunk             |    14 |    18 |    39 |     2 ||    73
Armor: Robe              |    56 |    53 |   115 |     2 ||   226
       Skin              |       |       |     4 |       ||     4
Dodge: Dodged            |    64 |    74 |   115 |     3 ||   256

Table legend:
 A = Spawn XP
 B = Non-spawn XP
 C = Spawn XP percentage of total XP
 D = Spawn monster count
 E = Non-spawn monster count
 F = Spawn count percentage of total count
 G = Total turns spent on level
                    A         B        C        D         E        F      G
               +---------+---------+-------+---------+---------+-------+---------
         Total |       0 |    6334 |   0.0 |       0 |     194 |   0.0 |  7155
               +---------+---------+-------+---------+---------+-------+---------
           D:1 |       0 |      58 |   0.0 |       0 |      32 |   0.0 |   872
           D:2 |       0 |     152 |   0.0 |       0 |      20 |   0.0 |   763
           D:3 |       0 |     510 |   0.0 |       0 |      36 |   0.0 |  1193
           D:4 |       0 |     668 |   0.0 |       0 |      14 |   0.0 |   649
           D:5 |       0 |     254 |   0.0 |       0 |      14 |   0.0 |   697
           D:6 |       0 |     549 |   0.0 |       0 |      25 |   0.0 |   907
           D:7 |       0 |     555 |   0.0 |       0 |      17 |   0.0 |  1020
           D:8 |       0 |    3588 |   0.0 |       0 |      36 |   0.0 |   875
               +---------+---------+-------+---------+---------+-------+---------
